 Dungeon Crawl Stone Soup version 0.30-a0-371-gad7725a93e (webtiles) character file.

Game seed: 3391372229142101119

127876 Lobster4 the Fighter (level 17, -13/130 HPs)
             Began as a Djinni Hedge Wizard on Nov 21, 2022.
             Was the Champion of Makhleb.
             Mangled by a steelbarb worm (26 damage)
             ... on level 3 of the Spider Nest on Nov 22, 2022.
             The game lasted 02:30:24 (33289 turns).

Lobster4 the Fighter (Djinni Hedge Wizard)         Turns: 33289, Time: 02:30:25

Health: -13/130    AC: 15    Str: 15 (16) XL:     17   Next: 57%
Gold:   1499       EV: 22    Int: 30      God:    Makhleb [******] SH:  0 Dex: 29

rFire   + + .      SeeInvis +    a - +7 arbalest of Profit {penet, rN+ Str+5 Int-3 SInv}
rCold   . . .      Faith    .    (shield currently unavailable)
rNeg    + + .      Spirit   .    u - +6 leather armour "Coink" {rCorr Str-3 Int+5}
rPois   ∞          Reflect  .    S - +1 helmet
rElec   .          Harm     .    (no cloak)
rCorr   +          Rampage  .    e - +2 pair of gloves "Kiffets" {rN+}
Will    ++...                    (boots unavailable)
Stlth   +.........               r - amulet "Irrofan" {rC+ Regen+ Dex+7}
HPRegen 1.21/turn                E - ring "Laadda Kapsi" {Int+2 Dex+6}
MPRegen 0.00/turn                i - ring of Ystru Jot {rPois Will+ Str+5 Int+5}

@: spiked, flying, glowing
A: sickness immunity, fire resistance 2, cold vulnerability 1, float, innate
caster, HP casting, extra vitality 1
a: Renounce Religion, Minor Destruction, Lesser Servant of Makhleb, Major
Destruction, Greater Servant of Makhleb


You were on level 3 of the Spider Nest.
You worshipped Makhleb.
Makhleb was exalted by your worship.
You visited 5 branches of the dungeon, and saw 24 of its levels.
You also visited: Bailey and Volcano.

You collected 2453 gold pieces.
You spent 954 gold pieces at shops.

Inventory:

Hand Weapons
 a - the +7 arbalest of Profit (weapon) {penet, rN+ Str+5 Int-3 SInv}
   (You took it off an orc warrior in a bailey)

   Any ammunition fired by it passes through the targets it hits, potentially
   hitting all targets in its path until it reaches maximum range.
   Str:       It affects your strength (+5).
   Int:       It affects your intelligence (-3).
   rN:        It protects you from negative energy.
   SInv:      It lets you see invisible.
 b - the +12 glaive of Numix {vorpal, rPois}
   (You found it on level 3 of the Lair of Beasts)

   It inflicts extra damage upon your enemies.
   rPois:     It protects you from poison.
 y - the +9 long sword of Destiny {venom, rElec Will- Dex+5}
   (You found it in a bailey)

   It poisons the flesh of those it strikes.
   Dex:       It affects your dexterity (+5).
   rElec:     It insulates you from electricity.
   Will:      It decreases your willpower.
 D - a +1 shortbow of flaming
 W - a +2 vorpal broad axe
Missiles
 l - 46 poisoned darts
 o - 5 datura-tipped darts
Armour
 e - the +2 pair of gloves "Kiffets" (worn) {rN+}
   (You acquired it in a bailey)

   rN:        It protects you from negative energy.
 t - a +1 leather armour of willpower
 u - the +6 leather armour "Coink" (worn) {rCorr Str-3 Int+5}
   (You bought it in a shop on level 4 of the Dungeon)

   Str:       It affects your strength (-3).
   Int:       It affects your intelligence (+5).
   rCorr:     It protects you from acid and corrosion.
 H - +0 ice dragon scales
 S - a +1 helmet (worn)
Jewellery
 c - a ring of protection from cold
 i - the ring of Ystru Jot (right hand) {rPois Will+ Str+5 Int+5}
   (You bought it in a shop on level 1 of the Dungeon)

   [ring of willpower]

   Str:       It affects your strength (+5).
   Int:       It affects your intelligence (+5).
   rPois:     It protects you from poison.
   Will:      It increases your willpower.
 j - a ring of protection from fire
 r - the amulet "Irrofan" (around neck) {rC+ Regen+ Dex+7}
   (You found it on level 1 of the Spider Nest)

   [amulet of regeneration]

   Dex:       It affects your dexterity (+7).
   rC:        It protects you from cold.
   Regen:     It increases your rate of health regeneration.
 E - the ring "Laadda Kapsi" (left hand) {Int+2 Dex+6}
   (You bought it in a shop on level 4 of the Dungeon)

   [ring of dexterity]

   Int:       It affects your intelligence (+2).
   Dex:       It affects your dexterity (+6).
 M - an amulet of the acrobat
Wands
 m - a wand of paralysis (8)
 n - a wand of iceblast (13)
 p - a wand of polymorph (4)
 C - a wand of flame (23)
 N - a wand of mindburst (23)
 U - a wand of quicksilver (2)
 V - a wand of digging (9)
Scrolls
 d - 8 scrolls of teleportation
 q - 9 scrolls of identify
 s - 3 scrolls of brand weapon
 v - a scroll of enchant weapon
 B - 3 scrolls of immolation
 I - a scroll of summoning
 J - 3 scrolls of enchant armour
 O - a scroll of silence
 Z - 4 scrolls of poison
Potions
 f - 4 potions of might
 g - 5 potions of brilliance
 h - 10 potions of curing
 k - a potion of resistance
 w - 4 potions of ambrosia
 x - 6 potions of haste
 z - 3 potions of invisibility
 K - 6 potions of lignification
 Q - 3 potions of cancellation
Miscellaneous
 P - a phantom mirror
 T - a lightning rod (4/4)
 X - a phial of floods
 Y - a box of beasts


   Skills:
 + Level 14.5 Fighting
 - Level 3.0 Long Blades
 - Level 2.0 Maces & Flails
 + Level 7.5 Polearms
 * Level 10.1 Ranged Weapons
 - Level 1.0 Throwing
 + Level 7.6 Armour
 - Level 10.0 Dodging
 - Level 2.0 Stealth
 + Level 14.0 Spellcasting
 - Level 5.0 Invocations
 - Level 3.0 Evocations


You had 2 spell levels left.
You knew the following spells:

 Your Spells              Type           Power      Damage    Failure   Level
a - Magic Dart            Conj           100%       1d8       0%          1
b - Searing Ray           Conj           100%       2d8       0%          2
c - Foxfire               Conj/Fire      100%       2x1d9     0%          1
d - Vhi's Electric Charg  Tloc/Air       100%       N/A       1%          3
e - Call Imp              Summ           81%        N/A       0%          2
f - Mephitic Cloud        Conj/Pois/Air  81%        N/A       1%          3
g - Freezing Cloud        Conj/Ice/Air   40%        6-21      1%          5
h - Blink                 Tloc           100%       N/A       0%          2
i - Cigotuvi's Dreadful   Necr/Pois/Air  100%       N/A       0%          2
j - Spider Form           Tmut/Pois      81%        N/A       1%          3
k - Spellforged Servitor  Conj/Summ      40%        N/A       8%          7
l - Slow                  Hex            100%       N/A       0%          1
s - Starburst             Conj/Fire      40%        6d12      1%          6
w - Flame Wave            Conj/Fire      81%        2d18      1%          4
Your spell library was empty.

Dungeon Overview and Level Annotations

Branches:
Dungeon (12/15)            Temple (1/1) D:4            Lair (5/5) D:8
 Shoals (0/4) Lair:2       Spider (4/4) Lair:3        Slime (0/5) Lair:5
    Orc (2/2) D:9             Elf (0/3) Orc:2        Bailey (visited)
Volcano (visited)

Altars:
Ashenzari
Cheibriados
Dithmenos
Elyvilon
Fedhas
Gozag
Hepliaklqana
Makhleb
Nemelex Xobeh
Okawaru
Qazlal
Ru
Trog
Uskayaw
Wu Jian
Xom
Yredelemnul
Zin
The Shining One
Lugonu

Shops:
D:1 *   D:4 =[[*:   Orc:2 (!?

Portals:
Abyss: Lair:5

Annotations:
D:5 Eustachio
D:8 3 runed translucent doors, Darkkill's ghost, novice MiHu
D:12 Snorg


Innate Abilities, Weirdness & Mutations

You are immune to sickness and miasma.
You are immune to poison.
Your flesh is very heat resistant. (rF++)
You are vulnerable to cold. (rC-)
You float through the air rather than walking.
You learn spells naturally, not from books.
Your magical power is your life essence.
You have superior vitality. (+4 MHP)


Message History

The demonic crawler hits you but does no damage.
The demonic crawler misses you.
The demonic crawler hits you but does no damage.
The sun moth closely misses you. The demonic crawler barely misses you.
The demonic crawler completely misses you.
The demonic crawler hits you.
The steelbarb worm hits you but does no damage.
The sun moth attacks as you move away! The sun moth completely misses you.
The demonic crawler attacks as you move away!
The demonic crawler completely misses you.
The demonic crawler misses you. The demonic crawler hits you.
The demonic crawler shrieks in warning!
You hear a chilling moan.
You hear a skittering sound.
There is a stone staircase leading up here.
You see here a spark wasp corpse.
The steelbarb worm hits you!!
* * * LOW HITPOINT WARNING * * *
Barbed spikes become lodged in your body.
The steelbarb worm barely misses you. The sun moth misses you.
The barbed spikes dig painfully into your body as you move.
* * * LOW HITPOINT WARNING * * *
You fly upwards.
There is a stone staircase leading down here.
Okay, then.
Okay, then.
Okay, then.
Okay, then.
Unknown command.
Casting: Starburst (dangerous; 1% risk of failure)
Confirm with . or Enter, or press ? or * to list all spells.
Casting: Starburst (dangerous; 1% risk of failure)
Press: ? - help, Dir - look around, f - activate The bolt of fire hits the steelbarb worm!
The steelbarb worm resists.
The steelbarb worm is moderately wounded.
The bolt of fire hits the sun moth!
The sun moth resists.
The sun moth is severely wounded.
* * * LOW HITPOINT WARNING * * *
The steelbarb worm hits you!!
You die...

#...##
#.†####............#
#...####^.#
#.............##
^......†.##
#..............#
....#.####
#..............#
...^###
#.......^......#
...##
#..............#
....##
#.............##
.....##
##...y........#
....^.####
#..@.^.......#
..^......##
##.w........##
......###.#
##.........# .....##
### ##......###
...### ##.#.### ####
###.# #^# ###


You could see a sun moth and a steelbarb worm (berserk).

Vanquished Creatures
  An emperor scorpion (Spider:2)
  2 ghost moths
  2 orc warlords (Orc:2)
  A stone giant (Orc:2)
  A broodmother (Spider:2)
  Nessos (D:12)
  A spark wasp (Spider:4)
  5 entropy weavers
  2 hydras
  2 radroaches (Spider:3)
  6 two-headed ogres
  2 jorogumos (Spider:2)
  A catoblepas (Lair:3)
  A centaur warrior (D:9)
  6 boulder beetles
  A death yak (Lair:2)
  Urug (Lair:5)
  4 orc high priests
  A thrashing horror (Lair:5)
  2 sun moths
  2 pharaoh ants
  3 orb spiders
  An obsidian statue (Volcano)
  2 steelbarb worms
  7 orc knights
  An oklob plant (Lair:5)
  8 orc sorcerers
  5 cyclopes
  20 wolf spiders
  A manticore (D:9)
  2 ugly things
  6 elephants (Lair:5)
  2 moths of wrath
  2 smoke demons
  4 black mambas
  3 centaur zombies (D:12)
  A gargoyle (D:12)
  An unseen horror (D:11)
  6 torpor snails
  6 demonic crawlers
  11 cane toads
  4 rime drakes
  Psyche (D:8)
  10 komodo dragons
  3 kobold demonologists
  A red devil (Volcano)
  An ancient zyme (Lair:5)
  10 trolls
  12 meliai
  7 polar bears
  A queen bee (Spider:4)
  Grinder (D:6)
  7 saltlings (Orc:2)
  15 tarantellas
  28 blink frogs
  4 large abominations (Lair:5)
  8 dream sheep
  24 jumping spiders
  4 shadows
  A centaur simulacrum (D:10)
  3 water elementals (D:11)
  5 wraiths
  16 culicivoras
  3 vampires (D:12)
  7 wyverns
  42 yaks
  4 chaos spawn (Lair:5)
  8 fire bats
  10 basilisks
  11 small abominations (Lair:5)
  2 steam dragons
  43 redbacks
  Menkaure (D:6)
  A swamp worm (shapeshifter) (Lair:5)
  An acid dragon (D:10)
  18 water moccasins
  3 wargs
  A hell hound (Volcano)
  41 orc warriors
  8 ogres
  6 ice beasts
  A black bear (Lair:1)
  9 wolves
  A phantom (D:6)
  8 centaurs
  2 kobold brigands (D:10)
  2 gnoll sergeants (D:6)
  16 bullfrogs
  4 scorpions
  6 wights
  2 necrophages (D:6)
  13 killer bees
  A howler monkey (D:6)
  13 electric eels
  6 lava snakes (Volcano)
  2 hounds (D:6)
  12 orc priests
  A gnoll bouda (D:9)
  19 orc wizards
  2 iguanas
  Ijyb (D:4)
  A hell rat (Lair:1)
  22 gnolls
  4 adders
  5 white imps
  A howler monkey simulacrum (D:10)
  2 ufetubi
  3 worms
  101 orcs
  6 endoplasms
  5 giant cockroaches
  14 goblins
  10 hobgoblins
  7 jackals (D:1)
  3 quokkas
  12 ball pythons
  6 bats
  2 frilled lizards
  5 kobolds
  8 rats
  2 butterflies
  3 pillars of salt (Orc:2)
856 creatures vanquished.

Vanquished Creatures (collateral kills)
  A spark wasp (Spider:4)
  A radroach (Spider:4)
  2 steelbarb worms (Spider:4)
  An orb spider (Spider:4)
  A merfolk siren (Lair:2)
  2 culicivoras (Spider:4)
  A jumping spider (Spider:4)
  An orc warrior (D:6)
  2 bullfrogs (Lair:2)
  A killer bee (Spider:4)
  2 foxfires (Lair:2)
15 creatures vanquished.

Vanquished Creatures (others)
  A redback (Spider:1)
  605 foxfires
  63 fungi
  6 pillars of salt (Orc:2)
  60 plants
  7 withered plants
742 creatures vanquished.

Grand Total: 1613 creatures vanquished

Notes
Turn   | Place    | Note
-------+----------+-------------------------------------------
     0 | D:1      | Lobster4 the Djinni Hedge Wizard began the quest for the
                  | Orb.
     0 | D:1      | Lobster4 set off with the following spells memorised: Magic
                  | Dart, Slow, Blink, Call Imp, Cigotuvi's Dreadful Rot,
                  | Mephitic Cloud.
     0 | D:1      | Reached XP level 1. HP: 15/15 MP: 0/0
   145 | D:1      | Reached XP level 2. HP: 14/22 MP: 0/0
   247 | D:1      | Found Nij Dodd's Assorted Antiques.
   684 | D:1      | Reached skill level 1 in Fighting
   684 | D:1      | Reached XP level 3. HP: 26/27 MP: 0/0
   684 | D:1      | Learned a level 1 spell: Foxfire
  1367 | D:2      | Reached XP level 4. HP: 30/32 MP: 0/0
  2156 | D:3      | Found a shimmering altar of Xom.
  2494 | D:3      | Found an iron altar of Okawaru.
  2690 | D:3      | Reached skill level 1 in Armour
  2929 | D:3      | Reached XP level 5. HP: 28/38 MP: 0/0
  2929 | D:3      | Learned a level 2 spell: Searing Ray
  2979 | D:4      | Noticed Ijyb
  3074 | D:4      | Found Ciefac's Antique Armour Boutique.
  3076 | D:4      | Bought a fine leather armour for 112 gold pieces
  3076 | D:4      | Identified the +6 leather armour "Coink" {rCorr Str-3
                  | Int+5} (You bought it in a shop on level 4 of the Dungeon)
  3140 | D:4      | Found Nyrasut's Book Shoppe.
  3145 | D:4      | Found Tatza's General Store.
  3155 | D:4      | Bought a scroll of identify for 28 gold pieces
  3223 | D:4      | Reached skill level 1 in Throwing
  3227 | D:4      | Killed Ijyb
  3228 | D:4      | Reached skill level 1 in Long Blades
  3228 | D:4      | Found Ytacuji's Jewellery Shoppe.
  3373 | D:4      | Found a blossoming altar of Fedhas.
  3443 | D:4      | Reached XP level 6. HP: 19/44 MP: 0/0
  3546 | D:4      | Found Soit Odecet's Armour Boutique.
  3605 | D:4      | Found a staircase to the Ecumenical Temple.
  3617 | Temple   | Entered the Ecumenical Temple
  3652 | Temple   | Became a worshipper of Makhleb the Destroyer
  4028 | D:5      | Entered Level 5 of the Dungeon
  4427 | D:5      | Noticed an ice beast
  4435 | D:5      | Killed an ice beast
  4436 | D:5      | Reached skill level 1 in Invocations
  4436 | D:5      | Reached skill level 1 in Evocations
  4436 | D:5      | Reached XP level 7. HP: 44/49 MP: 0/0
  4436 | D:5      | Learned a level 3 spell: Vhi's Electric Charge
  4824 | D:6      | Noticed a steam dragon
  4831 | D:6      | Killed a steam dragon
  5212 | D:6      | Found a broken altar of Ashenzari.
  5387 | D:6      | Reached XP level 8. HP: 34/56 MP: 0/0
  5640 | D:6      | Noticed Eustachio
  6093 | D:6      | Reached * piety under Makhleb
  6151 | D:6      | Noticed a two-headed ogre
  6173 | D:6      | Killed a two-headed ogre
  6174 | D:6      | Reached skill level 5 in Fighting
  6174 | D:6      | Reached skill level 1 in Maces & Flails
  6174 | D:6      | Reached skill level 1 in Ranged Weapons
  6174 | D:6      | Reached skill level 5 in Dodging
  6174 | D:6      | Reached XP level 9. HP: 10/65 MP: 0/0
  6174 | D:6      | Learned a level 3 spell: Spider Form
  6514 | D:1      | Bought a wavering gossamer ring for 120 gold pieces
  6514 | D:1      | Identified the ring of Ystru Jot {rPois Will+ Str+5 Int+5}
                  | (You bought it in a shop on level 1 of the Dungeon)
  6896 | D:6      | Noticed Menkaure
  6902 | D:6      | Killed Menkaure
  7580 | D:6      | Noticed Grinder
  7796 | D:6      | HP: 2/67 [orc warrior/+0 long sword (9)]
  7803 | D:6      | Reached skill level 5 in Spellcasting
  7803 | D:6      | Reached XP level 10. HP: 1/73 MP: 0/0
  8068 | D:6      | Found an opulent altar of Gozag.
  8069 | D:6      | Found a snail-covered altar of Cheibriados.
  8304 | D:6      | Killed Grinder
  8462 | D:7      | Noticed a two-headed ogre
  8473 | D:7      | Killed a two-headed ogre
  9074 | D:7      | Reached ** piety under Makhleb
  9268 | D:7      | Found the +5 robe of Night {Dark Will+ SInv}
  9477 | D:7      | Reached XP level 11. HP: 79/81 MP: 0/0
  9477 | D:7      | Learned a level 4 spell: Flame Wave
  9643 | D:7      | Found a shadowy altar of Dithmenos.
  9748 | D:8      | Noticed Psyche
  9758 | D:8      | Killed Psyche
  9904 | D:8      | Found a staircase to the Lair.
 10001 | D:8      | Found a runed translucent gate.
 10002 | D:8      | Found a runed translucent gate.
 10003 | D:8      | Found a runed translucent gate.
 10005 | D:8      | Noticed Darkkill's ghost (novice MiHu)
 10409 | D:8      | Found a flagged portal.
 10419 | Bailey   | Entered a bailey
 10697 | Bailey   | Reached *** piety under Makhleb
 11285 | Bailey   | Noticed an orc knight
 11336 | Bailey   | Killed an orc knight
 11463 | Bailey   | Identified the +7 arbalest of Profit {penet, rN+ Str+5
                  | Int-3 SInv}
 11464 | Bailey   | Found an iron altar of Okawaru.
 11465 | Bailey   | Noticed an orc high priest
 11739 | Bailey   | Identified the +9 long sword of Destiny {venom, rElec Will-
                  | Dex+5}
 12030 | Bailey   | Acquired the +2 pair of gloves "Kiffets" {rN+}
 12081 | Bailey   | Noticed a soul eater
 12085 | Bailey   | Killed an orc high priest
 12855 | D:9      | Noticed a centaur warrior
 13199 | Lair:1   | Entered Level 1 of the Lair of Beasts
 13588 | Lair:1   | Reached **** piety under Makhleb
 13860 | Lair:1   | Reached XP level 12. HP: 84/91 MP: 0/0
 13922 | Lair:1   | Reached skill level 10 in Fighting
 14669 | Lair:2   | Reached skill level 10 in Spellcasting
 14671 | Lair:2   | Noticed a boulder beetle
 14687 | Lair:2   | Killed a boulder beetle
 15241 | Lair:2   | Reached skill level 5 in Armour
 15786 | Lair:2   | Noticed a five-headed hydra
 15786 | Lair:2   | Noticed a six-headed hydra
 15859 | Lair:2   | Found a staircase to the Shoals.
 16339 | Lair:2   | Noticed a death yak
 16347 | Lair:2   | Noticed a boulder beetle
 16349 | Lair:2   | Killed a death yak
 16350 | Lair:2   | Reached XP level 13. HP: 77/98 MP: 0/0
 16350 | Lair:2   | Learned a level 5 spell: Freezing Cloud
 16947 | Lair:3   | Identified the +12 glaive of Numix {vorpal, rPois}
 17076 | Lair:3   | Noticed a catoblepas
 17086 | Lair:3   | Killed a catoblepas
 17331 | Lair:2   | Killed a five-headed hydra
 17376 | Lair:2   | Reached skill level 5 in Ranged Weapons
 17578 | Lair:3   | Reached ***** piety under Makhleb
 17760 | Lair:3   | Found a hole to the Spider Nest.
 18950 | D:4      | Bought an embroidered scarf for 128 gold pieces
 19223 | Lair:4   | You are sucked into a shaft and drop 1 floor!
 19223 | Lair:5   | Entered Level 5 of the Lair of Beasts
 19237 | Lair:5   | Found a staircase to the Slime Pits.
 19259 | Lair:5   | Reached skill level 1 in Polearms
 19649 | Lair:4   | Reached XP level 14. HP: 95/106 MP: 0/0
 23221 | Lair:5   | Noticed Urug
 23229 | Lair:5   | Killed Urug
 23305 | Lair:5   | Found a corrupted altar of Lugonu.
 23305 | Lair:5   | Found a one-way gate to the infinite horrors of the Abyss.
 23829 | D:9      | Found a staircase to the Orcish Mines.
 24053 | D:9      | Found a stormy altar of Qazlal.
 24563 | D:9      | Reached ****** piety under Makhleb
 24720 | D:10     | Entered Level 10 of the Dungeon
 24963 | D:10     | Reached XP level 15. HP: 106/113 MP: 0/0
 24963 | D:10     | Learned a level 6 spell: Starburst
 25299 | D:10     | Found a hide-covered altar of Uskayaw.
 25605 | D:10     | Found a glowing golden altar of the Shining One.
 27061 | D:12     | Reached skill level 5 in Invocations
 27358 | D:12     | Noticed Snorg
 27387 | D:12     | Noticed Nessos
 27417 | D:12     | Killed Nessos
 27510 | Orc:1    | Entered Level 1 of the Orcish Mines
 27971 | Orc:2    | Entered Level 2 of the Orcish Mines
 27984 | Orc:2    | Reached skill level 5 in Polearms
 28447 | Orc:2    | Found a dark tunnel.
 28458 | Volcano  | Entered a volcano
 28906 | Orc:2    | Noticed an orc warlord
 28909 | Orc:2    | Killed an orc warlord
 28917 | Orc:2    | Noticed a stone giant
 29031 | Orc:2    | Reached XP level 16. HP: 109/121 MP: 0/0
 29246 | Orc:2    | Found Usuogara's Distillery.
 29248 | Orc:2    | Found Iseick's Magic Scroll Shoppe.
 29279 | Orc:2    | Found Looh's Distillery.
 29459 | Orc:2    | Found Geogaiwi's Weapon Shoppe.
 29627 | Orc:2    | Found a staircase to the Elven Halls.
 29916 | Spider:1 | Entered Level 1 of the Spider Nest
 29929 | Spider:1 | Reached skill level 10 in Dodging
 30787 | Spider:1 | Identified the amulet "Irrofan" {rC+ Regen+ Dex+7}
 31651 | D:4      | Bought the ring "Laadda Kapsi" {Int+2 Dex+6} for 566 gold
                  | pieces
 31893 | Spider:2 | Noticed an emperor scorpion
 31904 | Spider:2 | Killed an emperor scorpion
 32311 | Spider:3 | Reached XP level 17. HP: 96/129 MP: 0/0
 32311 | Spider:3 | Learned a level 7 spell: Spellforged Servitor
 32853 | Spider:4 | Entered Level 4 of the Spider Nest
 33151 | Spider:4 | Reached skill level 10 in Ranged Weapons
 33289 | Spider:3 | Mangled by a steelbarb worm

Illustrated notes

Levels and vault maps discovered:
D:1:      dreamdust_arrival_sigmund_warning, layout_basic, serial_shops, shop,
          hangedman_decor_lopped
D:2:      layout_loops_cross, hex_tiny, minmay_tetromino_l4
D:3:      layout_loops_corners, okawaru_ov_weapons_minmay, xom_butterflies
D:4:      layout_loops_ring, grunt_temple_overflow_growth_and_decay,
          temple_green, serial_shops, shop, nicolae_shop_waterfront, shop, shop,
          nicolae_shop_competitors_out_of_business, uniq_ijyb
D:5:      layout_loops_ring, mainiacjoe_overflow_24_doors, abandoned_shop,
          hangedman_decor_opposing
D:6:      minmay_opposing_rooms, layout_layer_cave,
          mainiacjoe_overflow_tiny_flanked, gammafunk_temple_overflow_pools,
          minmay_starry_boxes, uniq_menkaure, uniq_grinder, uniq_eustachio
D:7:      layout_loops_ring, mainiacjoe_overflow_alcove_4,
          mainiacjoe_overflow_surrounded_room, hangedman_glass_garden,
          hellmonk_guarded_unrand_night
D:8:      layout_cave_pools, lair_entry_dummy, special_room [special_room_orc],
          enter_bailey_7, biasface_ghost_orc_armoury, minmay_checkerbox,
          uniq_psyche
D:9:      cheibrodos_elevator_heist, layout_cross,
          nicolae_qazlal_style_of_elements, orc_0_dummy
D:10:     layout_long_grid, nicolae_tso_swordbearing_angel,
          mainiacjoe_overflow_boulevard, serial_ice, serial_ice_l, serial_ice_h,
          serial_ice_c, serial_ice_o
D:11:     layout_basic
D:12:     layout_basic, serial_undead, serial_undead_d, serial_undead_a,
          serial_undead_c, serial_undead_e, uniq_nessos, uniq_snorg
Temple:   corrupted_temple
Lair:1:   layout_long_grid, chequers_serial_rivers_small_a, serial_bayou_lake_a
Lair:2:   nzn_winding_woodlands_stair_cross
          [nzn_winding_woodlands_5x15_sidewinder,
          nzn_winding_woodlands_center_pierced_h,
          nzn_winding_woodlands_5x15_longhouse,
          nzn_winding_woodlands_5x5_default,
          nzn_winding_woodlands_5x5_perimeter, nzn_winding_woodlands_5x15_eye,
          nzn_winding_woodlands_center_garden,
          nzn_winding_woodlands_5x15_river_crossing], layout_hall_layers,
          minmay_shoals_entry_lonely_mermaid
Lair:3:   layout_chaotic_city, nicolae_spider_entry_tight_spaces,
          lemuel_fruit_tree, serial_bayou_shore_a
Lair:4:   layout_small_grid, minivault_11, beast_lair_carwin_11,
          grunt_megastairs_2
Lair:5:   hellmonk_lair_end_abyssal_woods, layout_long_grid, slime_entry_1,
          st_stairs_6, infiniplex_staircase_pool_2, uniq_urug
Spider:1: layout_spider_delve, spiders_nest_spider_trap
Spider:2: layout_spider_delve, nicolae_spider_bug_shape
Spider:3: layout_cave_pods
Spider:4: spider_rune_water, special_room [special_room_bee],
          nicolae_spider_claw_tunnel
Orc:1:    layout_caves
Orc:2:    hellmonk_orc_salted, layout_diamond_mine,
          nicolae_volcano_entry_batcave, kennysheep_orc_chapel

Skill      XL: |  1  2  3  4  5  6  7  8  9 10 11 12 13 14 15 16 17 |
---------------+----------------------------------------------------+-----
Stealth        | 2 |  2.0
Fighting       | 1 2 3 5 6 8 9 10 11 12 13 14 | 14.5
Dodging        | 3 4 5 6 8 9 10 | 10.0
Armour         | 1 2 3 4 5 6 7 |  7.6
Throwing       | 1 |  1.0
Long Blades    | 1 2 3 |  3.0
Spellcasting   | 3 4 5 7 9 10 11 12 13 14 | 14.0
Invocations    | 1 2 3 4 5 |  5.0
Evocations     | 1 2 3 |  3.0
Maces & Flails | 1 2 |  2.0
Ranged Weapons | 1 2 4 5 6 7 9 10 | 10.1
Polearms       | 1 4 5 6 7 |  7.5

Action                   |  1- 3 |  4- 6 |  7- 9 | 10-12 | 13-15 | 16-18 || total
-------------------------+-------+-------+-------+-------+-------+-------++-------
Melee: Dagger            |     3 |       |       |       |       |       ||     3
       Mace              |       |       |    13 |    35 |     1 |       ||    49
       Unarmed           |       |       |       |    11 |       |       ||    11
       Glaive            |       |       |       |       |   263 |    83 ||   346
       Arbalest          |       |       |       |       |       |     1 ||     1
 Fire: Arbalest          |       |       |       |       |   195 |   279 ||   474
 Cast: Magic Dart        |   111 |    72 |    10 |   126 |   104 |       ||   423
       Foxfire           |     2 |    28 |   161 |   149 |       |       ||   340
       Call Imp          |       |     1 |       |    15 |     4 |       ||    20
       Searing Ray       |       |    14 |    33 |   150 |   113 |     3 ||   313
       Slow              |       |       |     1 |       |       |       ||     1
       Mephitic Cloud    |       |       |     1 |     8 |     6 |    20 ||    35
       Flame Wave        |       |       |       |     3 |    25 |    32 ||    60
       Vhi's Electric Ch |       |       |       |     2 |       |     1 ||     3
       Blink             |       |       |       |     1 |     1 |       ||     2
       Spider Form       |       |       |       |     1 |       |       ||     1
       Freezing Cloud    |       |       |       |       |    84 |    29 ||   113
       Starburst         |       |       |       |       |       |     8 ||     8
Evoke: Wand              |       |       |     1 |     1 |    11 |       ||    13
       Lightning rod     |       |       |       |       |     4 |       ||     4
  Use: Scroll            |       |     7 |     8 |    11 |    20 |     1 ||    47
       Potion            |       |       |     3 |     1 |     4 |     3 ||    11
 Stab: Distracted        |       |       |       |       |     1 |     1 ||     2
       Confused          |       |       |       |       |     1 |       ||     1
Armor: Robe              |     7 |     2 |       |       |       |       ||     9
       Leather armour    |       |     6 |    29 |    99 |   246 |   117 ||   497
       Skin              |       |       |       |     1 |       |       ||     1
Dodge: Dodged            |    24 |    14 |    69 |   250 |   575 |   418 ||  1350

Table legend: (Time is in decaauts)
 A = Elapsed time spent in this place.
 B = Non-inter-level travel time spent in this place.
 C = Inter-level travel time spent in this place.
 D = Time resting spent in this place.
 E = Time spent auto-exploring this place.
 F = Levels seen in this place.
 G = Mean time per level.
                   A        B        C        D        E       F      G
               +--------+--------+--------+--------+--------+-----+--------+
         Total |  33759 |  31217 |   2542 |   8384 |  14766 |  26 | 1298.4 |
       Dungeon |  15904 |  14446 |   1458 |   3262 |   8228 |  12 | 1325.3 |
        Temple |     51 |     36 |     15 |      0 |     21 |   1 |   51.0 |
          Lair |  10350 |   9397 |    953 |   3300 |   3893 |   5 | 2070.0 |
   Spider Nest |   3210 |   3146 |     64 |    533 |   1535 |   4 |  802.5 |
  Orcish Mines |   2069 |   2018 |     51 |    453 |   1026 |   2 | 1034.5 |
        Bailey |   1877 |   1877 |      0 |    826 |     26 |   1 | 1877.0 |
       Volcano |    294 |    294 |      0 |     10 |     37 |   1 |  294.0 |
               +--------+--------+--------+--------+--------+-----+--------+

Top non-repeatable levels by time:
     D:6: 3142 daAuts
  Lair:5: 3094 daAuts
  Lair:2: 2484 daAuts
  Bailey: 1877 daAuts
     D:8: 1815 daAuts
  Lair:1: 1752 daAuts
  Lair:4: 1612 daAuts
   Orc:2: 1603 daAuts
  Lair:3: 1406 daAuts
     D:7: 1361 daAuts
     D:9: 1266 daAuts
    D:11: 1261 daAuts
Spider:1: 1243 daAuts
     D:3: 1227 daAuts
     D:5: 1212 daAuts
